AoeStats
← Jazzmushroom

Hideout

507322006Analyzed
1v1 RM · 14d ago on Sep 17, 2026· 39m 27s· 2 players
Game mode
Random Map
Map size
Tiny (2 player)
Population
200
Speed
Normal
Resources
Standard
Victory
Conquest
Starting age
Dark Age
Ending age
Imperial Age
RankedLock teamsTeams togetherTeam positionsShared explorationLock speedFull tech treeHidden civsTurbo modeCheats
Victory
Defeat
🇩🇪 Persians · Germany
1433
+16
🇺🇸 Berbers · United States
1443
-16
Woody Forest
10:03 Feudal Age
14:12 Castle Age
12:56 Loom
13:09 Double-Bit Axe
13:23 Horse Collar
21:23 Wheelbarrow
22:23 Bow Saw
23:39 Town Watch
25:52 Hand Cart
29:35 Imperial Age
29:03 Scale Mail Armor
29:23 Pikeman
33:22 Chain Mail Armor
33:18 Forging
34:17 Halberdier
35:08 Squires
34:53 Gambesons
35:27 Town Patrol
35:48 Scale Barding Armor
35:58 Bloodlines
35:48 Husbandry
36:12 Arson
36:07 Light Cavalry
36:59 Hussar
38:18 Chain Barding Armor
39:32 Gold Mining
39:32 Stone Mining
Jazzmushroom
10:18 Feudal Age
12:57 Loom
15:38 Castle Age
14:19 Double-Bit Axe
14:16 Horse Collar
19:36 Wheelbarrow
20:07 Husbandry
22:31 Bow Saw
23:54 Gold Mining
25:58 Hand Cart
25:30 Town Watch
26:03 Bloodlines
28:18 Scale Barding Armor
28:25 Forging
29:25 Chain Barding Armor
29:44 Heavy Plow
33:50 Imperial Age
33:40 Iron Casting
32:56 Fletching
34:34 Heavy Camel Rider
34:53 Elite Genitour
35:46 Thumb Ring
36:15 Conscription
36:08 Bodkin Arrow
37:36 Bracer
Connection lost

Rejoining the realm…

Still unreachable

The connection could not be restored.

Session expired

The server has moved on; the page needs a fresh start.